[ AOE2 MATCH · #461754994 ]
Team RMRomans vs Magyars
[ REPLAY ANALYSIS · EXTRACTED FROM THE RECORDED GAME ]
Feudal
—
Castle
—
Imperial
—
| APM avg | 10.6 |
| APM peak | 46 |
| eAPM avg | 8.7 |
| Villagers / military | 106 / 219 |
Focus
⚔️ 42.8% · 🌾 57.2%
Militia ×165 · Scorpion ×41 · Trade Cart ×17 · Mangonel ×7 · Trebuchet (Packed) ×6
Feudal
—
Castle
—
Imperial
—
| APM avg | 11.5 |
| APM peak | 30 |
| eAPM avg | 9.0 |
| Villagers / military | 102 / 18 |
Focus
⚔️ 23.7% · 🌾 76.3%
Skirmisher ×13 · Scout Cavalry ×3 · Monk ×1 · Boyar ×1
Feudal
—
Castle
—
Imperial
—
| APM avg | 9.3 |
| APM peak | 28 |
| eAPM avg | 8.4 |
| Villagers / military | 124 / 147 |
Focus
⚔️ 27.1% · 🌾 72.9%
Longbowman ×137 · Trade Cart ×21 · Trebuchet (Packed) ×10
Feudal
—
Castle
—
Imperial
—
| APM avg | 13.5 |
| APM peak | 37 |
| eAPM avg | 11.8 |
| Villagers / military | 133 / 196 |
Focus
⚔️ 31.9% · 🌾 68.1%
Spearman ×157 · Mangonel ×25 · Trade Cart ×23 · Battering Ram ×7 · Trebuchet (Packed) ×6 · Monk ×1
Feudal
—
Castle
—
Imperial
—
| APM avg | 13.6 |
| APM peak | 43 |
| eAPM avg | 10.9 |
| Villagers / military | 84 / 209 |
Focus
⚔️ 28.3% · 🌾 71.7%
Scout Cavalry ×111 · Spearman ×67 · Skirmisher ×14 · Trade Cart ×14 · Bombard Cannon ×14 · Camel Scout ×2
Feudal
—
Castle
—
Imperial
—
| APM avg | 17.4 |
| APM peak | 76 |
| eAPM avg | 8.5 |
| Villagers / military | 66 / 133 |
Focus
⚔️ 25.0% · 🌾 75.0%
Scorpion ×59 · Knight ×45 · Woad Raider ×26 · Battering Ram ×3
Feudal
—
Castle
—
Imperial
—
| APM avg | 12.1 |
| APM peak | 51 |
| eAPM avg | 8.8 |
| Villagers / military | 71 / 56 |
Focus
⚔️ 26.9% · 🌾 73.1%
Ballista Elephant ×42 · Spearman ×12 · Trade Cart ×6 · Monk ×1 · Militia ×1
Feudal
—
Castle
—
Imperial
—
| APM avg | 13.2 |
| APM peak | 30 |
| eAPM avg | 9.9 |
| Villagers / military | 78 / 144 |
Focus
⚔️ 47.4% · 🌾 52.6%
Knight ×59 · Magyar Huszar ×45 · Scout Cavalry ×27 · Trebuchet (Packed) ×6 · Battering Ram ×5 · Monk ×2
Match map
Initial resources + every placement click. Lines = walls · curves = elevation contours. ◆ gold · ⬟ stone · ● berries · ✦ relic · ◌ wall gap
Inputs per minute
— SkilzDatKilz845 - - Кто идёт играть
Build order — SkilzDatKilz845
First 150 of 304 actions detected
| 0:09 | Create | Villager (Male) |
| 0:36 | Build | Lumber Camp |
| 0:47 | Build | Mill |
| 1:02 | Create | Villager (Male) |
| 1:03 | Create | Villager (Male) |
| 1:03 | Create | Villager (Male) |
| 1:09 | Create | Villager (Male) |
| 2:01 | Create | Villager (Male) |
| 2:05 | Create | Villager (Male) |
| 2:22 | Create | Villager (Male) |
| 2:43 | Create | Villager (Male) |
| 3:13 | Create | Villager (Male) |
| 3:43 | Build | Lumber Camp |
| 3:47 | Create | Villager (Male) |
| 3:47 | Create | Villager (Male) |
| 4:17 | Create | Villager (Male) |
| 4:17 | Create | Villager (Male) |
| 4:34 | Create | Villager (Male) |
| 5:15 | Create | Villager (Male) |
| 5:16 | Create | Villager (Male) |
| 5:16 | Create | Villager (Male) |
| 5:42 | Create | Villager (Male) |
| 5:59 | Create | Villager (Male) |
| 6:35 | Build | Barracks |
| 6:43 | Build | Barracks |
| 6:51 | Create | Villager (Male) |
| 6:55 | Research | Feudal Age |
| 6:56 | Create | Villager (Male) |
| 6:57 | Create | Villager (Male) |
| 7:04 | Build | Mining Camp |
| 7:53 | Create | Villager (Male) |
| 7:53 | Create | Villager (Male) |
| 7:54 | Create | Villager (Male) |
| 8:02 | Research | Loom |
| 8:57 | Build | Farm |
| 9:31 | Build | Blacksmith |
| 9:46 | Research | Man-at-Arms (upgrade) |
| 9:48 | Create | Militia ×5 |
| 10:12 | Build | Market |
| 11:04 | Create | Villager (Male) |
| 11:04 | Create | Villager (Male) |
| 11:04 | Create | Villager (Male) |
| 11:18 | Build | Mining Camp |
| 11:50 | Build | Stable |
| 12:08 | Research | Castle Age |
| 12:09 | Create | Villager (Male) |
| 12:10 | Create | Villager (Male) |
| 12:36 | Build | Stone Wall |
| 13:22 | Research | Bloodlines |
| 13:37 | Build | Stone Wall |
| 14:02 | Research | Double-Bit Axe |
| 14:05 | Research | Horse Collar |
| 14:09 | Research | Forging |
| 14:20 | Build | Mill |
| 14:23 | Build | Farm |
| 14:23 | Build | Farm |
| 14:23 | Build | Farm |
| 14:25 | Build | Farm |
| 14:34 | Create | Villager (Male) |
| 14:59 | Create | Villager (Male) |
| 15:36 | Build | Farm |
| 15:36 | Build | Farm |
| 15:37 | Build | Farm |
| 15:42 | Research | Heavy Plow |
| 16:04 | Build | Stone Wall |
| 16:14 | Create | Villager (Male) |
| 16:42 | Create | Villager (Male) |
| 16:42 | Create | Villager (Male) |
| 16:55 | Build | Stone Wall |
| 17:05 | Research | Long Swordsman (upgrade) |
| 17:39 | Build | Stone Wall |
| 17:56 | Build | Stone Wall |
| 18:01 | Create | Villager (Male) |
| 18:01 | Create | Villager (Male) |
| 18:01 | Create | Villager (Male) |
| 18:02 | Create | Villager (Male) |
| 18:02 | Create | Villager (Male) |
| 18:44 | Build | Stone Wall |
| 19:14 | Research | Bow Saw |
| 19:17 | Research | Scale Mail Armor |
| 19:21 | Research | Fletching |
| 19:33 | Build | Stone Wall |
| 19:47 | Research | Squires |
| 19:48 | Create | Militia |
| 20:02 | Create | Villager (Male) |
| 20:22 | Build | Mill |
| 20:25 | Build | Farm |
| 20:25 | Build | Farm |
| 20:26 | Build | Farm |
| 20:26 | Build | Farm |
| 20:27 | Build | Farm |
| 20:27 | Build | Farm |
| 20:28 | Build | Farm |
| 20:29 | Build | Farm |
| 20:51 | Build | Stone Wall |
| 20:57 | Build | Building 673 |
| 21:02 | Build | Building 490 |
| 21:21 | Create | Villager (Male) |
| 21:22 | Create | Villager (Male) |
| 21:22 | Create | Villager (Male) |
| 21:22 | Create | Villager (Male) |
| 21:23 | Create | Villager (Male) |
| 21:51 | Build | Lumber Camp |
| 22:05 | Build | Building 673 |
| 22:14 | Create | Militia ×5 |
| 22:15 | Create | Militia ×2 |
| 22:24 | Build | Siege Workshop |
| 22:47 | Create | Villager (Male) |
| 22:48 | Create | Villager (Male) |
| 23:21 | Build | Lumber Camp |
| 24:15 | Research | Imperial Age |
| 24:26 | Build | Siege Workshop |
| 24:30 | Build | Siege Workshop |
| 24:42 | Create | Militia ×4 |
| 24:49 | Research | Chain Mail Armor |
| 24:51 | Research | Chain Mail Armor |
| 25:26 | Build | Town Center |
| 25:33 | Create | Villager (Male) |
| 25:34 | Create | Villager (Male) |
| 25:34 | Create | Villager (Male) |
| 25:40 | Research | Iron Casting |
| 25:47 | Create | Scorpion ×3 |
| 25:58 | Create | Militia |
| 26:41 | Create | Scorpion ×3 |
| 27:37 | Create | Trade Cart |
| 27:38 | Create | Trade Cart |
| 27:38 | Create | Trade Cart |
| 27:41 | Create | Trade Cart |
| 27:49 | Research | Bodkin Arrow |
| 27:53 | Research | Blast Furnace |
| 28:01 | Create | Scorpion |
| 28:43 | Build | Castle |
| 28:59 | Create | Villager (Male) |
| 28:59 | Create | Villager (Male) |
| 29:00 | Create | Villager (Male) |
| 29:00 | Create | Villager (Male) |
| 29:00 | Create | Villager (Male) |
| 29:00 | Create | Villager (Male) |
| 29:00 | Create | Villager (Male) |
| 29:00 | Create | Villager (Male) |
| 29:00 | Create | Villager (Male) |
| 29:00 | Create | Villager (Male) |
| 29:34 | Research | Wheelbarrow |
| 30:00 | Build | Lumber Camp |
| 30:13 | Build | Castle |
| 30:32 | Build | Mill |
| 30:58 | Build | Farm |
| 30:58 | Build | Farm |
| 30:59 | Build | Farm |
| 30:59 | Build | Farm |
Build order — Кто идёт играть
First 150 of 228 actions detected
| 0:25 | Build | Lumber Camp |
| 0:34 | Create | Villager (Male) |
| 0:49 | Create | Villager (Male) ×3 |
| 0:51 | Research | Loom |
| 1:47 | Build | Mill |
| 2:12 | Build | Mill |
| 3:13 | Create | Villager (Male) |
| 3:32 | Build | Farm |
| 3:35 | Create | Villager (Male) |
| 3:36 | Create | Villager (Male) |
| 3:36 | Create | Villager (Male) |
| 3:53 | Create | Villager (Male) |
| 4:36 | Create | Villager (Male) ×5 |
| 4:41 | Create | Villager (Male) |
| 6:27 | Research | Feudal Age |
| 7:42 | Build | Mining Camp |
| 8:27 | Build | House |
| 8:54 | Create | Villager (Male) |
| 8:54 | Create | Villager (Male) |
| 8:54 | Create | Villager (Male) |
| 10:34 | Build | Blacksmith |
| 10:56 | Research | Horse Collar |
| 11:01 | Build | Farm |
| 11:14 | Create | Villager (Male) |
| 11:14 | Create | Villager (Male) |
| 11:32 | Build | Stable |
| 11:48 | Build | Farm |
| 12:17 | Create | Villager (Male) |
| 12:32 | Research | Castle Age |
| 12:38 | Build | House |
| 12:46 | Build | Archery Range |
| 12:47 | Build | Archery Range |
| 13:01 | Build | Farm |
| 13:13 | Build | Farm |
| 13:28 | Build | Lumber Camp |
| 13:44 | Build | Farm |
| 14:01 | Research | Double-Bit Axe |
| 14:47 | Build | Lumber Camp |
| 14:55 | Build | Farm |
| 15:00 | Build | Farm |
| 15:06 | Build | Farm |
| 15:32 | Build | Barracks |
| 15:48 | Create | Villager (Male) |
| 15:49 | Create | Villager (Male) |
| 15:51 | Research | Wheelbarrow |
| 16:08 | Build | Building 490 |
| 16:17 | Build | Building 490 |
| 16:22 | Create | Villager (Male) ×5 |
| 16:43 | Build | Town Center |
| 16:49 | Create | Villager (Male) |
| 16:50 | Create | Villager (Male) |
| 17:04 | Research | Heavy Plow |
| 17:11 | Research | Bow Saw |
| 17:21 | Build | Mining Camp |
| 18:19 | Build | Mining Camp |
| 18:27 | Build | Mining Camp |
| 18:42 | Create | Villager (Male) |
| 18:46 | Research | Tech 455 |
| 19:00 | Create | Villager (Male) |
| 19:19 | Build | Stone Wall |
| 19:25 | Create | Villager (Male) |
| 19:45 | Create | Villager (Male) |
| 20:05 | Build | Monastery |
| 20:33 | Build | Barracks |
| 20:40 | Build | Barracks |
| 20:45 | Build | Lumber Camp |
| 20:47 | Create | Villager (Male) |
| 20:57 | Build | Lumber Camp |
| 21:01 | Build | Farm |
| 21:02 | Build | Farm |
| 21:07 | Create | Villager (Male) |
| 21:21 | Build | Farm |
| 21:23 | Build | Farm |
| 21:26 | Build | Farm |
| 21:33 | Build | Farm |
| 21:38 | Build | Farm |
| 21:50 | Create | Villager (Male) ×4 |
| 22:09 | Build | University |
| 22:20 | Build | Stone Wall |
| 22:23 | Build | Stone Wall |
| 22:41 | Create | Villager (Male) |
| 22:41 | Create | Villager (Male) |
| 22:42 | Create | Villager (Male) |
| 22:48 | Build | Farm |
| 22:49 | Build | Farm |
| 22:56 | Create | Villager (Male) ×2 |
| 23:24 | Create | Villager (Male) |
| 23:38 | Build | Siege Workshop |
| 23:51 | Build | Lumber Camp |
| 24:01 | Create | Villager (Male) ×3 |
| 24:15 | Create | Monk |
| 24:27 | Create | Villager (Male) |
| 24:52 | Build | Stable |
| 25:00 | Build | Barracks |
| 25:01 | Build | Barracks |
| 25:13 | Create | Villager (Male) ×5 |
| 25:25 | Create | Villager (Male) |
| 25:25 | Create | Villager (Male) |
| 25:26 | Create | Villager (Male) |
| 25:33 | Build | Lumber Camp |
| 25:43 | Create | Villager (Male) ×4 |
| 25:53 | Build | Farm |
| 25:57 | Build | Farm |
| 26:12 | Build | Castle |
| 26:54 | Create | Villager (Male) |
| 26:54 | Create | Villager (Male) |
| 26:57 | Build | Farm |
| 27:01 | Build | Farm |
| 27:04 | Build | Farm |
| 27:12 | Build | Farm |
| 27:16 | Build | Farm |
| 27:20 | Build | Farm |
| 27:25 | Build | Farm |
| 27:32 | Build | Farm |
| 27:35 | Build | Farm |
| 27:39 | Build | Farm |
| 27:41 | Create | Villager (Male) |
| 27:42 | Create | Villager (Male) |
| 27:42 | Create | Villager (Male) |
| 27:55 | Build | Farm |
| 27:57 | Build | Farm |
| 27:59 | Build | Farm |
| 28:00 | Build | Farm |
| 28:01 | Build | Farm |
| 28:13 | Build | Stone Wall |
| 28:26 | Build | Stable |
| 28:28 | Build | Stable |
| 28:41 | Build | Stone Wall |
| 28:47 | Build | Building 490 |
| 28:48 | Build | Building 490 |
| 29:13 | Research | Imperial Age |
| 29:18 | Research | Scale Mail Armor |
| 29:20 | Research | Forging |
| 29:22 | Research | Padded Archer Armor |
| 30:08 | Build | Lumber Camp |
| 30:19 | Create | Villager (Male) |
| 30:19 | Create | Villager (Male) |
| 30:29 | Build | Lumber Camp |
| 30:42 | Build | Market |
| 30:53 | Build | Lumber Camp |
| 31:16 | Research | Bloodlines |
| 31:18 | Create | Scout Cavalry |
| 31:19 | Research | Light Cavalry (upgrade) |
| 31:20 | Research | Husbandry |
| 31:32 | Create | Villager (Male) |
| 31:34 | Research | Hand Cart |
| 31:38 | Build | Farm |
| 31:48 | Research | Chain Mail Armor |
| 31:49 | Research | Iron Casting |
| 31:52 | Research | Pikeman (upgrade) |
Build order — SirPrize
First 150 of 259 actions detected
| 0:12 | Create | Villager (Male) |
| 0:13 | Create | Villager (Male) |
| 0:13 | Create | Villager (Male) |
| 0:13 | Create | Villager (Male) |
| 0:28 | Build | Mill |
| 0:49 | Build | Lumber Camp |
| 1:34 | Create | Villager (Male) |
| 1:36 | Create | Villager (Male) |
| 1:38 | Research | Loom |
| 2:07 | Create | Villager (Male) |
| 2:08 | Create | Villager (Male) |
| 3:03 | Create | Villager (Male) |
| 4:14 | Create | Villager (Male) |
| 5:23 | Research | Feudal Age |
| 6:23 | Create | Villager (Male) |
| 6:23 | Create | Villager (Male) |
| 7:36 | Research | Horse Collar |
| 7:39 | Research | Double-Bit Axe |
| 8:07 | Build | Market |
| 8:16 | Build | Blacksmith |
| 8:23 | Create | Villager (Male) |
| 8:58 | Build | Farm |
| 8:59 | Build | Farm |
| 9:02 | Build | Farm |
| 9:07 | Build | Farm |
| 9:11 | Build | Farm |
| 9:17 | Build | Farm |
| 9:24 | Build | Farm |
| 9:31 | Build | Farm |
| 9:37 | Build | Farm |
| 9:43 | Build | Farm |
| 10:00 | Build | Archery Range |
| 10:06 | Research | Fletching |
| 10:15 | Create | Villager (Male) |
| 10:18 | Create | Villager (Male) |
| 10:37 | Build | Farm |
| 10:42 | Build | Farm |
| 10:48 | Build | Farm |
| 11:03 | Build | Mining Camp |
| 11:24 | Create | Villager (Male) |
| 11:28 | Create | Villager (Male) |
| 11:53 | Research | Padded Archer Armor |
| 11:58 | Create | Villager (Male) |
| 12:24 | Create | Villager (Male) |
| 12:45 | Create | Villager (Male) |
| 12:59 | Build | Farm |
| 13:24 | Create | Villager (Male) |
| 13:31 | Build | Farm |
| 13:41 | Create | Villager (Male) |
| 13:49 | Build | Farm |
| 13:51 | Build | Farm |
| 14:11 | Create | Villager (Male) |
| 14:52 | Research | Castle Age |
| 15:04 | Research | Gold Mining |
| 15:54 | Create | Villager (Male) |
| 15:54 | Create | Villager (Male) |
| 15:55 | Create | Villager (Male) |
| 15:55 | Create | Villager (Male) |
| 17:35 | Build | Town Center |
| 17:55 | Build | Town Center |
| 18:08 | Create | Villager (Male) |
| 18:37 | Research | Heavy Plow |
| 18:41 | Research | Bow Saw |
| 18:53 | Research | Gold Shaft Mining |
| 18:58 | Create | Villager (Male) |
| 18:58 | Create | Villager (Male) |
| 18:59 | Create | Villager (Male) |
| 19:01 | Create | Villager (Male) |
| 19:06 | Create | Villager (Male) |
| 19:21 | Build | House |
| 19:22 | Build | House |
| 19:24 | Build | House |
| 19:25 | Build | House |
| 19:26 | Build | House |
| 19:27 | Build | House |
| 19:28 | Build | House |
| 19:28 | Build | House |
| 19:30 | Build | House |
| 19:46 | Create | Villager (Male) |
| 19:46 | Create | Villager (Male) |
| 19:50 | Create | Villager (Male) |
| 19:51 | Create | Villager (Male) |
| 19:54 | Create | Villager (Male) |
| 19:54 | Create | Villager (Male) |
| 19:54 | Create | Villager (Male) |
| 20:02 | Build | Farm |
| 20:07 | Build | Farm |
| 20:10 | Build | Farm |
| 20:16 | Build | Farm |
| 20:28 | Create | Villager (Male) |
| 20:28 | Create | Villager (Male) |
| 20:30 | Create | Villager (Male) |
| 20:31 | Create | Villager (Male) |
| 20:41 | Build | Farm |
| 20:43 | Build | Farm |
| 20:50 | Build | Farm |
| 20:54 | Build | Farm |
| 20:57 | Build | Farm |
| 21:20 | Create | Villager (Male) |
| 21:21 | Create | Villager (Male) |
| 21:21 | Create | Villager (Male) |
| 21:22 | Create | Villager (Male) |
| 21:23 | Create | Villager (Male) |
| 21:30 | Research | Yeomen |
| 21:50 | Build | Farm |
| 21:53 | Create | Villager (Male) |
| 21:55 | Create | Villager (Male) |
| 21:57 | Create | Villager (Male) |
| 22:06 | Build | Farm |
| 22:14 | Build | Farm |
| 22:32 | Create | Villager (Male) |
| 22:42 | Create | Villager (Male) |
| 22:42 | Create | Villager (Male) |
| 22:45 | Create | Villager (Male) |
| 22:45 | Create | Villager (Male) |
| 22:48 | Create | Villager (Male) |
| 23:07 | Build | Farm |
| 23:33 | Create | Villager (Male) |
| 23:36 | Create | Villager (Male) |
| 23:37 | Create | Villager (Male) |
| 23:37 | Create | Villager (Male) |
| 24:06 | Build | Farm |
| 24:13 | Build | Farm |
| 24:17 | Build | Mill |
| 24:31 | Build | Farm |
| 24:39 | Research | Wheelbarrow |
| 24:42 | Research | Town Watch |
| 24:45 | Create | Villager (Male) |
| 24:46 | Create | Villager (Male) |
| 24:50 | Create | Villager (Male) |
| 24:50 | Create | Villager (Male) |
| 24:54 | Create | Villager (Male) |
| 24:54 | Create | Villager (Male) |
| 24:55 | Create | Villager (Male) |
| 24:55 | Create | Villager (Male) |
| 24:56 | Create | Villager (Male) |
| 25:15 | Build | House |
| 25:18 | Build | House |
| 25:19 | Build | House |
| 25:20 | Build | House |
| 25:24 | Build | House |
| 25:26 | Build | House |
| 25:28 | Build | House |
| 25:29 | Build | House |
| 26:23 | Build | Castle |
| 26:32 | Research | Hand Cart |
| 26:33 | Research | Town Patrol |
| 26:35 | Create | Villager (Male) |
| 26:36 | Create | Villager (Male) |
| 26:36 | Create | Villager (Male) |
Build order — Jaereg
First 150 of 399 actions detected
| 0:18 | Build | Mill |
| 0:24 | Create | Villager (Male) |
| 0:24 | Create | Villager (Male) |
| 0:24 | Create | Villager (Male) |
| 0:25 | Create | Villager (Male) |
| 0:25 | Create | Villager (Male) |
| 0:59 | Build | Lumber Camp |
| 1:07 | Create | Villager (Male) |
| 1:28 | Create | Villager (Male) |
| 2:13 | Create | Villager (Male) |
| 2:14 | Create | Villager (Male) |
| 2:21 | Create | Villager (Male) |
| 2:41 | Create | Villager (Male) |
| 2:56 | Create | Villager (Male) |
| 3:22 | Build | Farm |
| 3:54 | Create | Villager (Male) |
| 3:54 | Create | Villager (Male) |
| 3:55 | Create | Villager (Male) |
| 3:55 | Create | Villager (Male) |
| 4:26 | Create | Villager (Male) |
| 4:26 | Create | Villager (Male) |
| 5:04 | Build | Farm |
| 5:08 | Create | Villager (Male) |
| 5:10 | Create | Villager (Male) |
| 5:31 | Build | Farm |
| 5:36 | Create | Villager (Male) |
| 6:00 | Build | Farm |
| 6:42 | Create | Villager (Male) |
| 6:42 | Create | Villager (Male) |
| 6:49 | Create | Villager (Male) |
| 6:49 | Create | Villager (Male) |
| 7:00 | Create | Villager (Male) |
| 7:37 | Create | Villager (Male) |
| 8:02 | Create | Villager (Male) |
| 8:05 | Create | Villager (Male) |
| 8:43 | Research | Feudal Age |
| 9:41 | Build | Farm |
| 9:43 | Build | Farm |
| 10:01 | Build | Farm |
| 10:01 | Build | Farm |
| 10:02 | Build | Farm |
| 10:02 | Build | Farm |
| 10:09 | Build | Farm |
| 10:33 | Build | Lumber Camp |
| 10:43 | Build | Farm |
| 11:03 | Build | Farm |
| 11:34 | Create | Villager (Male) |
| 12:38 | Research | Double-Bit Axe |
| 12:44 | Research | Horse Collar |
| 12:49 | Research | Wheelbarrow |
| 13:37 | Build | Market |
| 13:44 | Build | Blacksmith |
| 14:11 | Build | Farm |
| 14:15 | Build | Mining Camp |
| 14:26 | Research | Castle Age |
| 16:22 | Research | Gold Mining |
| 17:19 | Build | University |
| 17:26 | Research | Bow Saw |
| 17:28 | Research | Hand Cart |
| 17:29 | Create | Villager (Male) |
| 17:44 | Research | Treadmill Crane |
| 17:57 | Research | Gold Shaft Mining |
| 18:09 | Research | Heavy Plow |
| 18:12 | Create | Villager (Male) |
| 18:13 | Create | Villager (Male) |
| 18:23 | Build | Town Center |
| 18:48 | Build | Town Center |
| 19:25 | Create | Villager (Male) |
| 19:25 | Create | Villager (Male) |
| 19:25 | Create | Villager (Male) |
| 19:26 | Create | Villager (Male) |
| 19:46 | Build | Barracks |
| 19:48 | Build | Barracks |
| 20:03 | Build | Lumber Camp |
| 20:17 | Create | Villager (Male) |
| 20:18 | Create | Villager (Male) |
| 20:18 | Create | Villager (Male) |
| 20:18 | Create | Villager (Male) |
| 20:37 | Build | Town Center |
| 20:47 | Create | Villager (Male) |
| 20:47 | Create | Villager (Male) |
| 20:48 | Create | Villager (Male) |
| 21:11 | Research | Stone Mining |
| 21:22 | Build | Mining Camp |
| 21:25 | Create | Villager (Male) |
| 21:25 | Create | Villager (Male) |
| 21:25 | Create | Villager (Male) |
| 21:26 | Create | Villager (Male) |
| 21:26 | Create | Villager (Male) |
| 21:26 | Create | Villager (Male) |
| 21:26 | Create | Villager (Male) |
| 21:28 | Create | Villager (Male) |
| 21:29 | Create | Villager (Male) |
| 21:29 | Create | Villager (Male) |
| 21:49 | Create | Villager (Male) |
| 21:49 | Create | Villager (Male) |
| 21:50 | Create | Villager (Male) |
| 21:50 | Create | Villager (Male) |
| 21:53 | Create | Villager (Male) |
| 22:05 | Create | Villager (Male) |
| 22:05 | Create | Villager (Male) |
| 22:06 | Create | Villager (Male) |
| 22:06 | Create | Villager (Male) |
| 22:14 | Research | Stone Shaft Mining |
| 22:20 | Build | House |
| 22:22 | Build | House |
| 22:23 | Build | House |
| 22:24 | Build | House |
| 22:26 | Build | House |
| 22:38 | Build | Farm |
| 22:40 | Build | Farm |
| 22:43 | Build | Farm |
| 23:00 | Build | Lumber Camp |
| 23:17 | Build | Stone Wall |
| 23:26 | Create | Villager (Male) |
| 23:26 | Create | Villager (Male) |
| 23:27 | Create | Villager (Male) |
| 23:27 | Create | Villager (Male) |
| 23:27 | Create | Villager (Male) |
| 23:49 | Research | Imperial Age |
| 23:55 | Create | Villager (Male) |
| 24:19 | Build | Farm |
| 24:19 | Build | Farm |
| 24:19 | Build | Farm |
| 24:19 | Build | Farm |
| 24:20 | Build | Farm |
| 24:20 | Build | Farm |
| 24:20 | Build | Farm |
| 24:21 | Build | Farm |
| 24:22 | Build | Farm |
| 24:22 | Build | Farm |
| 24:29 | Create | Villager (Male) |
| 24:30 | Create | Villager (Male) |
| 24:30 | Create | Villager (Male) |
| 24:30 | Create | Villager (Male) |
| 24:52 | Create | Villager (Male) |
| 24:52 | Create | Villager (Male) |
| 24:52 | Create | Villager (Male) |
| 25:12 | Build | Stone Wall |
| 25:38 | Build | Stone Wall |
| 25:40 | Create | Villager (Male) |
| 25:40 | Create | Villager (Male) |
| 25:41 | Create | Villager (Male) |
| 25:42 | Create | Villager (Male) |
| 25:43 | Create | Villager (Male) |
| 25:55 | Build | Lumber Camp |
| 26:11 | Build | Lumber Camp |
| 26:16 | Create | Villager (Male) |
| 26:16 | Create | Villager (Male) |
| 26:16 | Create | Villager (Male) |
Build order — why aint the damn money free
First 150 of 335 actions detected
| 0:07 | Create | Villager (Male) |
| 0:08 | Create | Villager (Male) |
| 0:08 | Create | Villager (Male) |
| 0:08 | Create | Villager (Male) |
| 0:24 | Research | Loom |
| 0:36 | Build | Lumber Camp |
| 0:48 | Build | Mill |
| 1:27 | Create | Villager (Male) |
| 2:05 | Create | Villager (Male) |
| 2:08 | Create | Villager (Male) |
| 2:48 | Create | Villager (Male) |
| 3:06 | Build | Farm |
| 3:24 | Create | Villager (Male) |
| 3:31 | Build | Farm |
| 3:49 | Create | Villager (Male) |
| 3:50 | Create | Villager (Male) |
| 3:58 | Build | Farm |
| 4:30 | Create | Villager (Male) |
| 4:55 | Create | Villager (Male) |
| 4:56 | Create | Villager (Male) |
| 5:11 | Create | Villager (Male) |
| 6:27 | Research | Feudal Age |
| 6:50 | Create | Villager (Male) |
| 6:59 | Create | Villager (Male) |
| 7:07 | Create | Villager (Male) |
| 9:04 | Research | Horse Collar |
| 9:06 | Research | Double-Bit Axe |
| 9:18 | Create | Villager (Male) |
| 9:19 | Create | Villager (Male) |
| 9:19 | Create | Villager (Male) |
| 9:32 | Build | Mining Camp |
| 10:04 | Create | Spearman |
| 10:04 | Create | Spearman |
| 10:04 | Create | Spearman |
| 10:42 | Research | Wheelbarrow |
| 10:54 | Build | Lumber Camp |
| 11:07 | Build | Farm |
| 11:13 | Build | Farm |
| 11:25 | Build | House |
| 12:10 | Build | Blacksmith |
| 12:43 | Create | Villager (Male) |
| 12:43 | Create | Villager (Male) |
| 12:58 | Build | Market |
| 13:10 | Create | Villager (Male) |
| 13:15 | Build | Farm |
| 13:26 | Build | Farm |
| 13:45 | Build | Farm |
| 14:02 | Research | Castle Age |
| 14:09 | Build | Farm |
| 14:12 | Build | Farm |
| 14:13 | Build | Farm |
| 14:17 | Create | Villager (Male) |
| 14:18 | Create | Villager (Male) |
| 14:18 | Create | Villager (Male) |
| 14:19 | Create | Villager (Male) |
| 14:19 | Create | Villager (Male) |
| 14:58 | Build | Archery Range |
| 15:04 | Build | Stable |
| 15:22 | Research | Stone Mining |
| 15:30 | Research | Gold Mining |
| 16:14 | Create | Skirmisher |
| 16:15 | Create | Skirmisher |
| 16:15 | Create | Skirmisher |
| 16:16 | Create | Skirmisher |
| 16:16 | Create | Skirmisher |
| 16:34 | Research | Scale Mail Armor |
| 16:35 | Research | Scale Barding Armor |
| 16:37 | Research | Forging |
| 16:37 | Research | Fletching |
| 16:43 | Research | Padded Archer Armor |
| 16:46 | Research | Heavy Plow |
| 16:50 | Research | Bow Saw |
| 17:19 | Build | Town Center |
| 17:28 | Research | Pikeman (upgrade) |
| 17:39 | Research | Husbandry |
| 17:43 | Create | Camel Scout |
| 17:43 | Create | Camel Scout |
| 18:21 | Research | Elite Skirmisher (upgrade) |
| 18:40 | Research | Hand Cart |
| 18:58 | Build | House |
| 18:58 | Build | House |
| 18:59 | Build | House |
| 19:02 | Build | House |
| 19:03 | Build | House |
| 19:05 | Build | House |
| 19:06 | Build | House |
| 19:07 | Build | House |
| 19:07 | Build | House |
| 19:09 | Build | House |
| 19:15 | Research | Gold Shaft Mining |
| 19:18 | Create | Villager (Male) |
| 19:25 | Create | Villager (Male) |
| 19:38 | Create | Villager (Male) |
| 19:53 | Build | Monastery |
| 19:59 | Create | Villager (Male) |
| 20:05 | Create | Villager (Male) |
| 20:09 | Create | Villager (Male) |
| 20:13 | Build | Farm |
| 20:21 | Create | Villager (Male) |
| 20:23 | Create | Villager (Male) |
| 20:24 | Create | Villager (Male) |
| 20:50 | Build | Town Center |
| 21:06 | Build | Farm |
| 21:08 | Create | Villager (Male) |
| 21:09 | Create | Villager (Male) |
| 21:23 | Research | Bodkin Arrow |
| 21:40 | Build | Farm |
| 21:42 | Create | Villager (Male) |
| 22:04 | Build | Farm |
| 22:08 | Create | Villager (Male) |
| 22:12 | Create | Villager (Male) |
| 22:14 | Create | Villager (Male) |
| 22:29 | Build | Farm |
| 22:37 | Create | Villager (Male) |
| 22:41 | Create | Villager (Male) |
| 22:51 | Create | Villager (Male) |
| 22:51 | Create | Villager (Male) |
| 22:54 | Build | Farm |
| 23:00 | Build | Farm |
| 23:04 | Create | Villager (Male) |
| 23:08 | Build | Farm |
| 23:12 | Build | Farm |
| 23:23 | Build | Lumber Camp |
| 23:29 | Build | Farm |
| 23:32 | Create | Villager (Male) |
| 23:43 | Build | University |
| 23:47 | Build | Farm |
| 23:52 | Build | Farm |
| 24:04 | Build | Farm |
| 24:06 | Create | Villager (Male) |
| 24:11 | Create | Villager (Male) |
| 24:12 | Create | Villager (Male) |
| 24:16 | Build | Farm |
| 24:22 | Research | Imperial Age |
| 24:27 | Create | Villager (Male) |
| 24:36 | Build | Farm |
| 24:43 | Build | Farm |
| 25:04 | Build | Mining Camp |
| 25:14 | Research | Squires |
| 25:23 | Research | Fortified Wall (upgrade) |
| 25:35 | Build | Lumber Camp |
| 25:37 | Create | Villager (Male) |
| 25:38 | Create | Villager (Male) |
| 25:38 | Create | Villager (Male) |
| 25:39 | Create | Villager (Male) |
| 25:39 | Create | Villager (Male) |
| 25:39 | Create | Villager (Male) |
| 25:40 | Create | Villager (Male) |
| 25:40 | Create | Villager (Male) |
| 25:50 | Build | Farm |
Build order — EckBlad
First 150 of 181 actions detected
| 0:27 | Build | Lumber Camp |
| 0:28 | Create | Villager (Male) ×4 |
| 2:00 | Create | Villager (Male) |
| 2:00 | Create | Villager (Male) |
| 2:38 | Build | Mill |
| 2:49 | Build | Lumber Camp |
| 2:53 | Create | Villager (Male) |
| 3:12 | Research | Loom |
| 3:57 | Create | Villager (Male) |
| 3:58 | Create | Villager (Male) |
| 4:27 | Create | Villager (Male) |
| 4:49 | Create | Villager (Male) |
| 5:15 | Create | Villager (Male) |
| 5:45 | Build | Mining Camp |
| 5:47 | Create | Villager (Male) |
| 5:47 | Create | Villager (Male) |
| 5:47 | Create | Villager (Male) |
| 7:29 | Create | Villager (Male) |
| 7:29 | Create | Villager (Male) |
| 8:41 | Create | Villager (Male) |
| 8:41 | Create | Villager (Male) |
| 8:47 | Create | Villager (Male) |
| 8:47 | Create | Villager (Male) |
| 8:47 | Create | Villager (Male) |
| 9:19 | Build | Mining Camp |
| 10:23 | Research | Feudal Age |
| 13:04 | Build | Market |
| 13:12 | Build | Blacksmith |
| 13:15 | Build | House |
| 13:16 | Build | House |
| 13:17 | Build | House |
| 13:24 | Build | House |
| 13:38 | Build | Farm |
| 13:39 | Build | Farm |
| 13:41 | Build | Farm |
| 13:43 | Build | Farm |
| 13:53 | Build | Farm |
| 13:58 | Build | Farm |
| 14:00 | Build | Farm |
| 14:01 | Build | Farm |
| 14:02 | Build | Farm |
| 14:22 | Research | Castle Age |
| 15:14 | Research | Horse Collar |
| 17:04 | Build | Barracks |
| 17:15 | Build | Stable |
| 17:27 | Build | Castle |
| 17:38 | Build | Town Center |
| 17:46 | Research | Wheelbarrow |
| 17:46 | Research | Town Watch |
| 17:47 | Create | Villager (Male) ×5 |
| 18:09 | Build | Barracks |
| 18:17 | Build | Stable |
| 18:44 | Research | Double-Bit Axe |
| 19:05 | Research | Husbandry |
| 19:57 | Build | Farm |
| 20:06 | Build | University |
| 20:09 | Build | House |
| 20:13 | Research | Gold Mining |
| 20:15 | Research | Stone Mining |
| 20:28 | Build | Farm |
| 20:46 | Build | Farm |
| 21:03 | Build | Stable |
| 21:05 | Build | Stable |
| 21:30 | Research | Treadmill Crane |
| 21:33 | Research | Masonry |
| 21:38 | Research | Scale Barding Armor |
| 21:39 | Research | Fletching |
| 21:41 | Research | Forging |
| 21:47 | Create | Villager (Male) |
| 21:55 | Create | Villager (Male) |
| 22:06 | Create | Villager (Male) |
| 22:40 | Create | Villager (Male) ×4 |
| 22:55 | Build | Lumber Camp |
| 23:30 | Build | Farm |
| 23:39 | Build | Castle |
| 24:02 | Build | Farm |
| 24:06 | Build | Farm |
| 24:10 | Create | Villager (Male) |
| 24:10 | Create | Villager (Male) |
| 24:10 | Create | Villager (Male) |
| 24:14 | Create | Villager (Male) |
| 24:14 | Create | Villager (Male) |
| 24:14 | Create | Villager (Male) |
| 24:44 | Build | Mill |
| 24:47 | Build | Farm |
| 24:58 | Build | Farm |
| 25:07 | Research | Heavy Plow |
| 25:10 | Research | Ballistics |
| 25:13 | Research | Murder Holes |
| 25:17 | Research | Bodkin Arrow |
| 25:22 | Build | Farm |
| 26:28 | Build | Farm |
| 26:33 | Create | Villager (Male) |
| 26:37 | Research | Hand Cart |
| 27:26 | Build | Siege Workshop |
| 27:30 | Build | Farm |
| 28:02 | Build | Lumber Camp |
| 28:18 | Research | Imperial Age |
| 29:39 | Create | Battering Ram ×3 |
| 29:49 | Build | Siege Workshop |
| 30:00 | Create | Villager (Male) ×5 |
| 30:47 | Research | Stronghold |
| 31:09 | Build | Castle |
| 31:41 | Research | Gold Shaft Mining |
| 31:48 | Build | Mining Camp |
| 31:52 | Create | Villager (Male) ×5 |
| 31:59 | Research | Town Patrol |
| 31:59 | Create | Villager (Male) ×5 |
| 32:09 | Research | Stone Shaft Mining |
| 32:12 | Research | Conscription |
| 32:16 | Research | Hoardings |
| 32:38 | Build | Lumber Camp |
| 32:51 | Build | Mining Camp |
| 33:15 | Research | Cavalier (upgrade) |
| 34:22 | Research | Heavy Scorpion (upgrade) |
| 34:53 | Build | Stable |
| 34:58 | Build | Stable |
| 35:05 | Create | Villager (Male) ×5 |
| 35:18 | Build | House |
| 35:19 | Build | House |
| 35:24 | Build | House |
| 35:25 | Build | House |
| 35:27 | Build | House |
| 35:28 | Build | House |
| 35:31 | Build | House |
| 35:33 | Build | House |
| 35:36 | Build | House |
| 35:39 | Build | House |
| 35:47 | Build | Farm |
| 36:03 | Create | Villager (Male) ×5 |
| 36:45 | Research | Paladin (upgrade) |
| 37:13 | Build | Lumber Camp |
| 37:21 | Create | Scorpion ×5 |
| 37:22 | Create | Scorpion ×4 |
| 37:22 | Create | Scorpion ×4 |
| 38:15 | Create | Knight ×5 |
| 38:15 | Create | Knight ×4 |
| 38:59 | Research | Siege Engineers |
| 39:04 | Build | Farm |
| 39:09 | Build | Mining Camp |
| 39:12 | Build | Farm |
| 39:19 | Build | Mill |
| 39:33 | Research | Capped Ram (upgrade) |
| 39:36 | Create | Scorpion |
| 39:36 | Create | Scorpion |
| 40:31 | Create | Knight ×5 |
| 40:31 | Create | Knight ×4 |
| 40:31 | Create | Knight ×4 |
| 42:15 | Create | Scorpion ×5 |
| 42:24 | Create | Knight ×5 |
Build order — Oxygen
First 150 of 251 actions detected
| 0:00 | Create | Villager (Male) |
| 0:01 | Create | Villager (Male) |
| 0:01 | Create | Villager (Male) |
| 0:01 | Create | Villager (Male) |
| 0:02 | Create | Villager (Male) |
| 0:14 | Build | Lumber Camp |
| 0:25 | Build | Mill |
| 1:06 | Create | Militia |
| 1:36 | Create | Villager (Male) |
| 1:36 | Create | Villager (Male) |
| 1:37 | Create | Villager (Male) |
| 1:37 | Create | Villager (Male) |
| 2:39 | Build | Mining Camp |
| 2:42 | Create | Villager (Male) |
| 2:43 | Create | Villager (Male) |
| 2:43 | Create | Villager (Male) |
| 2:44 | Create | Villager (Male) |
| 2:45 | Create | Villager (Male) |
| 2:45 | Create | Villager (Male) |
| 3:32 | Create | Villager (Male) |
| 3:32 | Create | Villager (Male) |
| 3:33 | Create | Villager (Male) |
| 3:41 | Build | Mining Camp |
| 4:26 | Create | Villager (Male) |
| 5:55 | Research | Loom |
| 6:16 | Research | Feudal Age |
| 6:17 | Research | Feudal Age |
| 7:00 | Build | Farm |
| 7:05 | Build | Farm |
| 7:17 | Build | Farm |
| 7:30 | Build | Farm |
| 8:23 | Create | Villager (Male) |
| 8:33 | Build | Market |
| 8:38 | Build | Blacksmith |
| 9:13 | Build | Farm |
| 9:30 | Build | Farm |
| 10:32 | Research | Castle Age |
| 10:38 | Build | Farm |
| 10:38 | Build | Farm |
| 10:46 | Build | Farm |
| 10:51 | Build | Farm |
| 10:59 | Build | Farm |
| 11:26 | Research | Double-Bit Axe |
| 12:03 | Research | Horse Collar |
| 12:20 | Build | Lumber Camp |
| 13:17 | Create | Ballista Elephant |
| 13:25 | Create | Ballista Elephant |
| 13:26 | Create | Ballista Elephant |
| 13:42 | Build | Castle |
| 14:02 | Create | Villager (Male) |
| 14:02 | Create | Villager (Male) |
| 14:03 | Create | Villager (Male) |
| 14:03 | Create | Villager (Male) |
| 14:53 | Build | Lumber Camp |
| 14:59 | Create | Villager (Male) |
| 15:48 | Create | Villager (Male) |
| 15:48 | Create | Villager (Male) |
| 15:48 | Create | Villager (Male) |
| 15:49 | Create | Villager (Male) |
| 15:55 | Research | Heavy Plow |
| 15:58 | Research | Bow Saw |
| 16:13 | Build | Lumber Camp |
| 16:23 | Research | Arson |
| 17:38 | Create | Villager (Male) |
| 17:38 | Create | Villager (Male) |
| 17:41 | Research | Gold Mining |
| 17:48 | Research | Stone Mining |
| 18:30 | Create | Ballista Elephant |
| 18:38 | Build | Farm |
| 18:56 | Build | Town Center |
| 19:08 | Create | Ballista Elephant |
| 19:20 | Research | Gold Shaft Mining |
| 19:21 | Research | Stone Shaft Mining |
| 19:48 | Create | Villager (Male) |
| 19:48 | Create | Villager (Male) |
| 19:49 | Create | Villager (Male) |
| 20:27 | Build | Stone Wall |
| 20:31 | Build | Stone Wall |
| 20:36 | Build | Stone Wall |
| 20:41 | Build | Building 487 |
| 20:47 | Build | Building 665 |
| 20:51 | Build | Building 490 |
| 21:00 | Build | Market |
| 21:01 | Build | Market |
| 21:19 | Build | Mining Camp |
| 21:29 | Create | Ballista Elephant |
| 21:29 | Create | Ballista Elephant |
| 21:54 | Build | Lumber Camp |
| 22:03 | Build | Lumber Camp |
| 22:10 | Create | Ballista Elephant |
| 22:26 | Create | Ballista Elephant |
| 22:36 | Create | Villager (Male) |
| 22:37 | Create | Villager (Male) |
| 22:37 | Create | Villager (Male) |
| 22:37 | Create | Villager (Male) |
| 22:39 | Create | Villager (Male) |
| 22:51 | Build | Farm |
| 22:51 | Build | Farm |
| 22:51 | Build | Farm |
| 22:53 | Build | Farm |
| 23:11 | Create | Villager (Male) |
| 23:12 | Create | Villager (Male) |
| 23:12 | Create | Villager (Male) |
| 23:12 | Create | Villager (Male) |
| 23:56 | Build | Farm |
| 23:56 | Build | Farm |
| 23:56 | Build | Farm |
| 23:57 | Build | Farm |
| 23:58 | Build | Farm |
| 24:02 | Create | Villager (Male) |
| 24:02 | Create | Villager (Male) |
| 24:03 | Create | Villager (Male) |
| 24:22 | Research | Town Watch |
| 24:27 | Create | Ballista Elephant |
| 24:28 | Create | Ballista Elephant |
| 24:46 | Build | Mining Camp |
| 25:11 | Build | Mining Camp |
| 26:33 | Build | Lumber Camp |
| 26:51 | Research | Town Patrol |
| 27:03 | Build | University |
| 27:17 | Build | Monastery |
| 27:23 | Create | Ballista Elephant |
| 27:24 | Create | Ballista Elephant |
| 27:24 | Create | Ballista Elephant |
| 27:24 | Create | Ballista Elephant |
| 27:25 | Create | Ballista Elephant |
| 27:25 | Create | Ballista Elephant |
| 27:25 | Create | Ballista Elephant |
| 27:25 | Create | Ballista Elephant |
| 27:26 | Create | Ballista Elephant |
| 27:26 | Create | Ballista Elephant |
| 28:32 | Research | Ballistics |
| 28:33 | Research | Murder Holes |
| 28:36 | Research | Imperial Age |
| 29:00 | Create | Trade Cart |
| 29:00 | Create | Trade Cart |
| 29:01 | Create | Trade Cart |
| 29:02 | Create | Trade Cart |
| 29:02 | Create | Trade Cart |
| 29:02 | Create | Trade Cart |
| 29:33 | Build | Stone Wall |
| 29:46 | Build | Stone Wall |
| 30:15 | Build | Building 487 |
| 30:17 | Build | Building 487 |
| 30:43 | Build | Stone Wall |
| 31:23 | Create | Monk |
| 31:56 | Research | Chemistry |
| 31:59 | Research | Double Crossbow |
| 32:01 | Research | Conscription |
| 32:42 | Create | Villager (Male) |
Build order — pablolodelahdz
First 150 of 353 actions detected
| 0:07 | Create | Villager (Male) |
| 0:08 | Create | Villager (Male) |
| 0:08 | Create | Villager (Male) |
| 0:08 | Create | Villager (Male) |
| 0:09 | Create | Villager (Male) |
| 0:19 | Build | Lumber Camp |
| 0:33 | Research | Loom |
| 1:40 | Build | Mill |
| 1:49 | Create | Villager (Male) |
| 2:57 | Create | Villager (Male) |
| 2:57 | Create | Villager (Male) |
| 3:07 | Create | Villager (Male) |
| 3:32 | Create | Villager (Male) |
| 4:14 | Create | Villager (Male) |
| 4:16 | Create | Villager (Male) |
| 4:41 | Create | Villager (Male) |
| 4:41 | Create | Villager (Male) |
| 4:48 | Build | Farm |
| 5:00 | Build | Farm |
| 5:07 | Build | Farm |
| 5:18 | Create | Villager (Male) |
| 7:59 | Research | Feudal Age |
| 8:51 | Build | Mining Camp |
| 9:27 | Create | Villager (Male) |
| 9:27 | Create | Villager (Male) |
| 9:27 | Create | Villager (Male) |
| 10:18 | Build | Market |
| 10:24 | Research | Double-Bit Axe |
| 10:28 | Research | Horse Collar |
| 10:34 | Research | Wheelbarrow |
| 11:02 | Build | Blacksmith |
| 11:09 | Research | Town Watch |
| 11:59 | Build | Mining Camp |
| 13:36 | Research | Castle Age |
| 14:36 | Create | Villager (Male) |
| 14:37 | Create | Villager (Male) |
| 14:37 | Create | Villager (Male) |
| 14:37 | Create | Villager (Male) |
| 14:38 | Create | Villager (Male) |
| 16:22 | Build | Town Center |
| 16:31 | Build | Monastery |
| 16:35 | Build | University |
| 17:18 | Build | Farm |
| 17:22 | Research | Bow Saw |
| 17:31 | Create | Monk |
| 17:31 | Create | Monk |
| 17:50 | Research | Hand Cart |
| 17:56 | Research | Ballistics |
| 18:02 | Build | Farm |
| 18:06 | Build | Farm |
| 18:13 | Create | Villager (Male) |
| 18:14 | Create | Villager (Male) |
| 18:14 | Create | Villager (Male) |
| 18:14 | Create | Villager (Male) |
| 18:52 | Create | Villager (Male) |
| 18:52 | Create | Villager (Male) |
| 18:52 | Create | Villager (Male) |
| 18:53 | Create | Villager (Male) |
| 19:11 | Research | Stone Mining |
| 19:44 | Research | Treadmill Crane |
| 19:51 | Build | Farm |
| 19:58 | Build | Farm |
| 20:13 | Create | Magyar Huszar |
| 20:14 | Create | Magyar Huszar |
| 20:20 | Create | Villager (Male) |
| 20:21 | Create | Villager (Male) |
| 20:21 | Create | Villager (Male) |
| 20:21 | Create | Villager (Male) |
| 20:25 | Create | Villager (Male) |
| 20:25 | Create | Villager (Male) |
| 20:36 | Build | House |
| 20:37 | Build | House |
| 20:38 | Build | House |
| 20:40 | Build | House |
| 20:41 | Build | House |
| 20:53 | Create | Villager (Male) |
| 20:53 | Create | Villager (Male) |
| 21:15 | Build | Farm |
| 21:22 | Create | Villager (Male) |
| 21:23 | Create | Villager (Male) |
| 21:38 | Build | Stable |
| 22:20 | Build | Castle |
| 22:26 | Create | Villager (Male) |
| 22:27 | Create | Villager (Male) |
| 22:27 | Create | Villager (Male) |
| 22:43 | Research | Husbandry |
| 22:48 | Build | Stable |
| 22:55 | Build | Stable |
| 22:59 | Create | Villager (Male) |
| 22:59 | Create | Villager (Male) |
| 22:59 | Create | Villager (Male) |
| 22:59 | Create | Villager (Male) |
| 23:00 | Create | Villager (Male) |
| 23:13 | Build | Lumber Camp |
| 23:19 | Create | Villager (Male) |
| 23:19 | Create | Villager (Male) |
| 23:41 | Research | Fervor |
| 23:46 | Research | Scale Barding Armor |
| 23:51 | Research | Fletching |
| 23:51 | Research | Fletching |
| 24:07 | Build | Stable |
| 24:19 | Create | Villager (Male) |
| 24:19 | Create | Villager (Male) |
| 24:19 | Create | Villager (Male) |
| 24:34 | Build | Farm |
| 24:40 | Build | Farm |
| 24:42 | Build | Farm |
| 24:55 | Research | Padded Archer Armor |
| 24:57 | Create | Knight |
| 24:58 | Create | Knight |
| 25:37 | Build | Town Center |
| 26:18 | Build | Siege Workshop |
| 26:21 | Build | Siege Workshop |
| 26:22 | Build | Siege Workshop |
| 26:38 | Research | Gold Mining |
| 26:48 | Build | Farm |
| 26:54 | Research | Town Patrol |
| 26:59 | Create | Villager (Male) |
| 27:00 | Create | Villager (Male) |
| 27:00 | Create | Villager (Male) |
| 27:00 | Create | Villager (Male) |
| 27:01 | Create | Villager (Male) |
| 27:01 | Create | Villager (Male) |
| 27:12 | Build | Farm |
| 27:13 | Build | Farm |
| 27:15 | Build | Farm |
| 27:17 | Build | Farm |
| 27:18 | Build | Farm |
| 27:29 | Build | Castle |
| 27:45 | Build | Mining Camp |
| 27:51 | Create | Villager (Male) |
| 27:51 | Create | Villager (Male) |
| 27:51 | Create | Villager (Male) |
| 27:52 | Create | Villager (Male) |
| 28:06 | Build | House |
| 28:07 | Build | House |
| 28:09 | Build | House |
| 28:16 | Build | House |
| 28:18 | Build | House |
| 28:19 | Build | House |
| 28:22 | Build | House |
| 28:23 | Build | House |
| 28:26 | Build | House |
| 28:29 | Build | House |
| 28:31 | Build | House |
| 28:34 | Build | House |
| 28:35 | Build | House |
| 28:42 | Research | Murder Holes |
| 29:07 | Research | Bloodlines |
| 29:11 | Research | Light Cavalry (upgrade) |
Match timeline
| 6:35 | SkilzDatKilz845 · first_building Barracks |
| 10:00 | SirPrize · first_building Archery Range |
| 11:32 | Кто идёт играть · first_building Stable |
| 11:50 | SkilzDatKilz845 · first_building Stable |
| 12:36 | SkilzDatKilz845 · wall_segment Stone Wall x5 |
| 12:46 | Кто идёт играть · first_building Archery Range |
| 13:37 | SkilzDatKilz845 · wall_segment Stone Wall x6 |
| 13:42 | Oxygen · first_building Castle |
| 14:18 | EckBlad · first_market_buy 100 food |
| 14:19 | Jaereg · first_market_sell 100 wood |
| 14:58 | why aint the damn money free · first_building Archery Range |
| 15:04 | why aint the damn money free · first_building Stable |
| 15:32 | Кто идёт играть · first_building Barracks |
| 16:04 | SkilzDatKilz845 · wall_segment Stone Wall x6 |
| 16:31 | pablolodelahdz · first_building Monastery |
| 16:55 | SkilzDatKilz845 · wall_segment Stone Wall x4 |
| 17:04 | EckBlad · first_building Barracks |
| 17:15 | EckBlad · first_building Stable |
| 17:27 | EckBlad · first_building Castle |
| 17:39 | SkilzDatKilz845 · wall_segment Stone Wall x4 |
| 17:56 | SkilzDatKilz845 · wall_segment Stone Wall x6 |
| 18:40 | Jaereg · first_market_buy 100 stone |
| 18:44 | SkilzDatKilz845 · wall_segment Stone Wall x3 |
| 19:19 | Кто идёт играть · wall_segment Stone Wall x7 |
| 19:33 | SkilzDatKilz845 · wall_segment Stone Wall x24 |
| 19:46 | Jaereg · first_building Barracks |
| 19:53 | why aint the damn money free · first_building Monastery |
| 20:05 | Кто идёт играть · first_building Monastery |
| 20:27 | Oxygen · wall_segment Stone Wall x23 |
| 20:31 | Oxygen · wall_segment Stone Wall x8 |
| 20:36 | Oxygen · wall_segment Stone Wall x19 |
| 20:51 | SkilzDatKilz845 · wall_segment Stone Wall x31 |
| 21:38 | pablolodelahdz · first_building Stable |
| 22:20 | Кто идёт играть · wall_segment Stone Wall x12 |
| 22:20 | pablolodelahdz · first_building Castle |
| 22:23 | Кто идёт играть · wall_segment Stone Wall x1 |
| 22:24 | SkilzDatKilz845 · first_building Siege Workshop |
| 23:17 | Jaereg · wall_segment Stone Wall x37 |
| 23:38 | Кто идёт играть · first_building Siege Workshop |
| 24:05 | SkilzDatKilz845 · first_market_buy 100 food |
| 25:12 | Jaereg · wall_segment Stone Wall x7 |
| 25:38 | Jaereg · wall_segment Stone Wall x16 |
| 26:12 | Кто идёт играть · first_building Castle |
| 26:18 | pablolodelahdz · first_building Siege Workshop |
| 26:23 | SirPrize · first_building Castle |
| 27:00 | SkilzDatKilz845 · first_market_sell 500 food |
| 27:17 | Oxygen · first_building Monastery |
| 27:26 | EckBlad · first_building Siege Workshop |
| 27:28 | Jaereg · wall_segment Stone Wall x8 |
| 28:13 | Кто идёт играть · wall_segment Stone Wall x1 |
| 28:41 | Кто идёт играть · wall_segment Stone Wall x21 |
| 28:43 | SkilzDatKilz845 · first_building Castle |
| 29:33 | Oxygen · wall_segment Stone Wall x1 |
| 29:46 | Oxygen · wall_segment Stone Wall x39 |
| 29:50 | Jaereg · first_building Siege Workshop |
| 29:57 | pablolodelahdz · wall_segment Stone Wall x4 |
| 30:03 | why aint the damn money free · first_building Siege Workshop |
| 30:43 | Oxygen · wall_segment Stone Wall x6 |
| 31:13 | why aint the damn money free · first_building Barracks |
| 33:09 | Jaereg · wall_segment Stone Wall x12 |
| 34:00 | Jaereg · first_building Monastery |
| 34:34 | why aint the damn money free · first_market_sell 500 food |
| 34:49 | Jaereg · wall_segment Stone Wall x28 |
| 34:51 | Jaereg · wall_segment Stone Wall x15 |
| 35:16 | SirPrize · first_market_buy 100 stone |
| 35:30 | pablolodelahdz · wall_segment Stone Wall x13 |
| 35:44 | Oxygen · first_building Barracks |
| 36:03 | SirPrize · first_building Stable |
| 36:22 | EckBlad · first_market_sell 500 stone |
| 37:30 | Jaereg · first_building Castle |
| 38:37 | SirPrize · wall_segment Stone Wall x7 |
| 38:47 | SirPrize · wall_segment Stone Wall x2 |
| 39:20 | Oxygen · first_building Stable |
| 42:35 | SkilzDatKilz845 · first_building Monastery |
| 43:11 | Oxygen · resign |
| 47:15 | pablolodelahdz · wall_segment Stone Wall x9 |
| 50:55 | SkilzDatKilz845 · wall_segment Stone Wall x6 |
[ AI ANALYSIS · 1 CREDIT ]
What really happened in this match?
Wolo.gg analyzes every decision: build order, eco, micro, common mistakes by bracket. Personalized analysis on WhatsApp or Discord in 30 seconds.
Civ guide
Romans
Map guide
Fortress
Perfil
SkilzDatKilz845